 Dungeon Crawl Stone Soup version 0.21.1-1-g345015fe64 (webtiles) character file.

152 Jannitor the Vexing (level 5, -5/35 HPs)
             Began as a Demonspawn Enchanter on May 6, 2018.
             Slain by Mrkan's ghost (15 damage)
             ... on level 3 of the Dungeon.
             The game lasted 00:08:27 (4657 turns).

Jannitor the Vexing (Demonspawn Enchanter)          Turns: 4657, Time: 00:08:28

Health: -5/35      AC:  2    Str:  9    XL:     5   Next: 11%
Magic:  5/8        EV: 12    Int: 16    God:
Gold:   153        SH:  5    Dex: 14    Spells: 2/8 levels left

rFire    . . .     SeeInvis .   a - +2 dagger
rCold    + . .     Gourm    .   (no shield)
rNeg     . . .     Faith    .   b - +0 robe
rPois    .         Spirit   .   (helmet restricted)
rElec    .         Reflect  +   (no cloak)
rCorr    .         Harm     .   (no gloves)
MR       .....                  (no boots)
Stlth    +++.......             f - +5 amulet of reflection
HPRegen  0.11/turn              (no ring)
MPRegen  0.11/turn              (no ring)

@: no status effects
A: horns 1, cold resistance 1
a: no special abilities


You were on level 3 of the Dungeon.
You were very hungry.

You visited 1 branch of the dungeon, and saw 4 of its levels.

You collected 153 gold pieces.

Inventory:

Hand Weapons
 a - a +2 dagger (weapon)
Armour
 b - a +0 robe (worn)
 n - a +0 buckler
Jewellery
 f - a +5 amulet of reflection (around neck)
 h - an uncursed ring of fire
Wands
 t - a wand of digging (7)
Scrolls
 e - 2 scrolls of teleportation
 j - a scroll of fog {unknown}
 k - 2 scrolls of blinking
 p - a scroll of remove curse
 q - a scroll of random uselessness {unknown}
Potions
 i - 2 potions of curing
 l - a potion of lignification {unknown}
 m - a potion of flight {unknown}
 o - a potion of might
 s - a potion of heal wounds {unknown}
 u - a potion of brilliance {unknown}
Books
 c - a book of Maledictions

   Spells                             Type                      Level
   a - Corona                         Hexes                        1
   b - Ensorcelled Hibernation        Hexes/Ice                    2
   c - Confuse                        Hexes                        3
   d - Tukima's Dance                 Hexes                        3
   e - Dazzling Spray                 Conjuration/Hexes            3
Comestibles
 d - 7 rations


   Skills:
 + Level 2.5 Short Blades
 - Level 1.7 Dodging
 + Level 3.9 Stealth
 - Level 2.0 Spellcasting
 + Level 4.0 Hexes
 - Level 1.0 Ice Magic


You had 2 spell levels left.
You knew the following spells:

 Your Spells              Type           Power        Failure   Level  Hunger
a - Corona                Hex            ##.....      4%          1    #......
b - Ensorcelled Hibernat  Hex/Ice        #.....       11%         2    ###....
c - Confuse               Hex            ##......     12%         3    ###....


Dungeon Overview and Level Annotations

Branches:
Dungeon (4/15)
 Temple: D:4-7

Altars:

Annotations:
D:3 Mrkan's ghost, weakling DrFi
D:4 exclusions: 2 orcs and orc wizard, Edmund


Innate Abilities, Weirdness & Mutations

You have a pair of small horns on your head.
Your flesh is cold resistant. (rC+)


Message History

You start resting.
Magic restored.
You start resting.
You are feeling very hungry.
You start resting.
HP restored.
You climb downwards.
Level annotation: Mrkan's ghost, weakling DrFi Mrkan's ghost hits you!
Mrkan's ghost closely misses you.
There is a stone staircase leading up here.
Unknown command.
Casting: Confuse
Confirm with . or Enter, or press ? or * to list all spells.
Aiming: Confuse
Press: ? - help, Shift-Dir - straight line, f - Mrkan's ghost
Aim: Mrkan's ghost (chance to defeat MR: 45%) Mrkan's ghost resists with some effort.
Mrkan's ghost hits you!
* * * LOW HITPOINT WARNING * * *
Mrkan's ghost hits you!
You die...

....# #.#####.# #.# ##.## #.#
#.# #.# #W# #.# #.# #.# #.#
#.# #.# #.# #.#####.# #.# #.#
#....W..# #.# #.#######
#############.#######........
.....[.......##.######.
#######.#@.....รท....#
#.#.W.........#
#.##.#.######## #.##.#.#
#.##.#.# #.##.#.# #. ..#..
#####


You could see Mrkan's ghost.

Vanquished Creatures
  Robin (D:1)
  3 gnolls
  5 adders
  2 worms (D:2)
  2 leopard geckos
  4 orcs (D:3)
  A ball python (D:1)
  5 bats
  2 giant cockroaches
  5 goblins
  11 hobgoblins
  8 kobolds
  3 frilled lizards
  3 rats
55 creatures vanquished.

Notes
Turn   | Place    | Note
-------+----------+-------------------------------------------
     0 | D:1      | Jannitor the Demonspawn Enchanter began the quest for the Orb.
     0 | D:1      | Reached XP level 1. HP: 13/13 MP: 3/3
    26 | D:1      | Reached skill level 1 in Short Blades
   597 | D:1      | Gained mutation: Your flesh is cold resistant. (rC+) [demonic ancestry]
   597 | D:1      | Reached XP level 2. HP: 15/19 MP: 5/5
  1674 | D:1      | Learned a level 2 spell: Ensorcelled Hibernation
  1713 | D:1      | Reached XP level 3. HP: 22/24 MP: 1/6
  1777 | D:2      | Noticed Robin
  2437 | D:2      | You fall through a shaft for 2 floors!
  2603 | D:4      | Noticed Edmund
  2837 | D:3      | Reached skill level 1 in Ice Magic
  2837 | D:3      | Gained mutation: You have a pair of small horns on your head. [demonic ancestry]
  2837 | D:3      | Reached XP level 4. HP: 12/30 MP: 2/7
  3119 | D:3      | Learned a level 3 spell: Confuse
  3412 | D:3      | Noticed Mrkan's ghost (weakling DrFi)
  3593 | D:1      | Killed Robin
  3960 | D:1      | Reached XP level 5. HP: 22/35 MP: 1/8
  4093 | D:2      | Reached skill level 4 in Hexes
  4657 | D:3      | Slain by Mrkan's ghost

Skill      XL: |  1  2  3  4  5 |
---------------+----------------+-----
Short Blades   | 1 2 |  2.5
Stealth        | 3 |  3.9
Ice Magic      | 1 |  1.0
Hexes          | 4 |  4.0
Dodging        | |  1.7
Spellcasting   | |  2.0

Action                   |  1- 3 |  4- 6 || total
-------------------------+-------+-------++-------
Melee: Dagger            |   156 |    65 ||   221
       Headbutt          |       |     9 ||     9
 Cast: Corona            |     4 |       ||     4
       Ensorcelled Hiber |     8 |    17 ||    25
       Confuse           |       |     3 ||     3
  Use: Potion            |     4 |     2 ||     6
       Scroll            |       |     8 ||     8
 Stab: Sleeping          |     7 |    11 ||    18
       Distracted        |     1 |       ||     1
  Eat: Ration            |     2 |       ||     2
       Chunk             |       |     6 ||     6
Armor: Robe              |    47 |     4 ||    51
Dodge: Dodged            |   122 |    37 ||   159
Block: Other             |     7 |    14 ||    21
